 Dungeon Crawl Stone Soup version 0.30-a0-603-g51a0fb1b98 (webtiles) character file.

Game seed: 10232803628223920941

1274 Leeroy the Grappler (level 8, -8/59 HPs)
             Began as a Pale Draconian Transmuter on Jan 7, 2023.
             Killed by nerve-wracking pain
             ... invoked by a shadow imp
              (10 damage)
             ... on level 6 of the Dungeon.
             The game lasted 00:08:26 (5167 turns).

Leeroy the Grappler (Pale Draconian Transmuter)     Turns: 5167, Time: 00:08:26

Health: -8/59      AC:  6    Str: 12    XL:     8   Next: 28%
Magic:  2/11       EV: 12    Int: 17    God:
Gold:   321        SH:  0    Dex: 11    Spells: 3/11 levels left

rFire   . . .      SeeInvis .      - Unarmed
rCold   . . .      Faith    .    (no shield)
rNeg    . . .      Spirit   .    (body armour unavailable)
rPois   .          Reflect  .    (helmet restricted)
rElec   .          Harm     .    (no cloak)
rCorr   .          Rampage  .    (no gloves)
Will    .....                    (no boots)
Stlth   +                        (no amulet)
HPRegen 0.29/turn                (no ring)
MPRegen 0.12/turn                (no ring)

@: slightly contaminated
A: breathe steam, AC +6, unfitting armour, cold-blooded, steam resistance
a: Breathe Steam


You were on level 6 of the Dungeon.
You visited 1 branch of the dungeon, and saw 6 of its levels.

You collected 321 gold pieces.

Inventory:

Hand Weapons
 b - a +2 mace of protection
 k - a +4 spear
 r - the +9 sling of Karma {flame, rN+ Dex+4}
   (You found it on level 3 of the Dungeon)

   Dex:       It affects your dexterity (+4).
   rN:        It protects you from negative energy.
 A - a +0 short sword of speed
Missiles
 l - a throwing net
 m - 9 poisoned darts
Jewellery
 p - a ring of wizardry
Wands
 s - a wand of roots (6)
 w - a wand of paralysis (9)
Scrolls
 c - a scroll of enchant weapon {unknown}
 e - 2 scrolls of vulnerability {unknown}
 g - a scroll of amnesia {unknown}
 i - a scroll of poison {unknown}
 q - a scroll of enchant armour {unknown}
 t - 2 scrolls of identify {unknown}
 u - a scroll of teleportation {unknown}
 x - 2 scrolls of fog {unknown}
 y - a scroll of fear {unknown}
 z - 3 scrolls of blinking {unknown}
 B - a scroll of noise {unknown}
Potions
 a - a potion of lignification
 d - 2 potions of cancellation {unknown}
 f - 7 potions of brilliance {unknown}
 h - 2 potions of ambrosia {unknown}
 j - a potion of mutation {unknown}
 n - 2 potions of magic {unknown}
 o - a potion of invisibility {unknown}
 v - 2 potions of degeneration {unknown}
 C - a potion of haste
 D - 2 potions of curing {unknown}


   Skills:
 - Level 1.1 Fighting
 - Level 1.7 Dodging
 + Level 9.8 Unarmed Combat
 - Level 2.0 Spellcasting
 * Level 3.3 Transmutations
 - Level 2.0 Poison Magic


You had 3 spell levels left.
You knew the following spells:

 Your Spells              Type           Power      Damage    Failure   Level
a - Beastly Appendage     Tmut           26%        N/A       4%          1
b - Spider Form           Tmut/Pois      10%        N/A       19%         3
c - Ice Form              Ice/Tmut       7%         N/A       67%         4

Your spell library contained the following spells:

 Spells                   Type           Power      Damage    Failure   Level
 Sting                    Tmut/Pois      40%        1d5       6%          1
 Wereblood                Tmut           13%        N/A       8%          2
 Magic Dart               Conj           4%         1d3       19%         1
 Summon Small Mammal      Summ           4%         N/A       19%         1
 Ensorcelled Hibernation  Hex/Ice        2%         N/A       28%         2
 Searing Ray              Conj           2%         2d4       28%         2
 Call Canine Familiar     Summ           1%         N/A       50%         3
 Ozocubu's Armour         Ice            1%         N/A       50%         3
 Summon Guardian Golem    Hex/Summ       1%         N/A       50%         3
 Anguish                  Hex/Necr       0%         N/A       88%         4
 Fulminant Prism          Conj/Hex       0%         3d5       88%         4
 Metabolic Englaciation   Hex/Ice        0%         N/A       99%         5
 Death Channel            Necr           0%         N/A       100%        6
 Simulacrum               Ice/Necr       0%         N/A       100%        6
 Haunt                    Necr/Summ      0%         N/A       100%        7


Dungeon Overview and Level Annotations

Branches:
Dungeon (6/15)
 Temple: D:4-7

Altars:
Fedhas

Shops:
D:2 [


Innate Abilities, Weirdness & Mutations

You can breathe blasts of scalding, opaque steam.
Your pale cyan-grey scales are hard. (AC +6)
You cannot fit into any form of body armour.
You are cold-blooded and may be slowed by cold attacks.
You are immune to the effects of steam.


Message History

You miscast Spider Form.
You are very lightly contaminated with residual magic.
Nothing appears to happen.
The centaur hits you. The centaur kicks you. The centaur hits you.
The centaur misses you.
There are monsters nearby!
Casting: Spider Form (dangerous; 21% risk of failure)
Confirm with . or Enter, or press ? or * to list all spells.
You miscast Spider Form.
Nothing appears to happen.
The ogre completely misses you. The centaur hits you.
The centaur kicks you but does no damage.
There are monsters nearby!
Casting: Spider Form (dangerous; 21% risk of failure)
Confirm with . or Enter, or press ? or * to list all spells.
You miscast Spider Form.
You feel a strange surge of energy.
You are lightly contaminated with residual magic.
The centaur barely misses you.
The centaur kicks you but does no damage.
The ogre closely misses you. The centaur hits you.
The centaur closely misses you.
Casting: Spider Form (dangerous; 21% risk of failure)
Confirm with . or Enter, or press ? or * to list all spells.
You don't have enough magic to cast this spell.
You hit the centaur but do no damage.
The centaur is severely wounded.
The centaur hits you. The centaur kicks you.
You barely miss the centaur.
The centaur is severely wounded.
The centaur barely misses you. The centaur kicks you.
The ogre closely misses you.
You barely miss the ogre. You tail-slap the ogre. Your punch misses the ogre.
The ogre is lightly wounded.
The centaur hits you.
The centaur kicks you but does no damage.
You hit the centaur. You tail-slap the centaur.
You kill the centaur!
The ogre hits you with a +0 giant club!!
* * * LOW HITPOINT WARNING * * *
The shadow imp gestures at you. Pain shoots through your body!
You die...

##... #... #...
#... #..# #..#
#O5# #..######.
#.@.......
##.########
##)##......
####..)...#####.
.........#|......
#####...)..####
##.##.## #.##.#
#.##.#


You could see an ogre and a shadow imp.

Vanquished Creatures
  Grinder (D:3)
  2 black bears
  2 centaurs
  2 ogres
  A necrophage (D:5)
  2 scorpions (D:5)
  A bullfrog (D:3)
  A hound (D:5)
  A jelly (D:5)
  Jessica (D:3)
  An orc wizard (D:3)
  4 gnolls
  5 adders
  A white imp (D:5)
  A worm (D:3)
  3 dart slugs
  15 orcs
  9 bats
  11 endoplasms
  6 giant cockroaches
  5 hobgoblins
  8 jackals (D:1)
  6 kobolds
  3 quokkas
  12 ball pythons
  4 frilled lizards
  4 goblins
  6 rats
118 creatures vanquished.

Notes
Turn   | Place    | Note
-------+----------+-------------------------------------------
     0 | D:1      | Leeroy the Draconian Transmuter began the quest for the
                  | Orb.
     0 | D:1      | Reached XP level 1. HP: 16/16 MP: 3/3
   164 | D:1      | Reached XP level 2. HP: 11/23 MP: 5/5
   198 | D:1      | Reached skill level 4 in Unarmed Combat
   339 | D:1      | Reached XP level 3. HP: 26/28 MP: 6/6
   339 | D:1      | Found a faded altar of an unknown god.
   898 | D:2      | Reached XP level 4. HP: 26/35 MP: 7/7
   901 | D:2      | Reached skill level 5 in Unarmed Combat
   989 | D:1      | Learned a level 3 spell: Spider Form
  1206 | D:3      | Noticed Grinder
  1570 | D:2      | Found Feohoeps's Armour Boutique.
  1877 | D:3      | Noticed a bullfrog
  1888 | D:2      | Reached XP level 5. HP: 16/40 MP: 4/8
  1999 | D:3      | Identified the +9 sling of Karma {flame, rN+ Dex+4}
  2073 | D:3      | Noticed Jessica
  2190 | D:3      | Killed Jessica
  2191 | D:3      | Reached skill level 6 in Unarmed Combat
  2307 | D:3      | Noticed an ogre
  2320 | D:3      | Killed an ogre
  2456 | D:3      | Reached XP level 6. HP: 41/47 MP: 5/9
  2592 | D:3      | Reached skill level 7 in Unarmed Combat
  2592 | D:3      | Reached skill level 1 in Poison Magic
  2595 | D:3      | Paralysed by Grinder for 3 turns
  2606 | D:3      | Paralysed by Grinder for 2 turns
  2609 | D:3      | Killed Grinder
  2610 | D:3      | Your scales start taking on a pale cyan-grey colour.
  2610 | D:3      | Reached XP level 7. HP: 25/52 MP: 5/10
  2610 | D:3      | Gained mutation: You are immune to the effects of steam.
                  | [Pale Draconian growth]
  2923 | D:3      | Learned a level 4 spell: Ice Form
  3282 | D:3      | Found a blossoming altar of Fedhas.
  3388 | D:4      | Reached skill level 8 in Unarmed Combat
  4164 | D:5      | Entered Level 5 of the Dungeon
  4476 | D:5      | Got the Almanac of the Queen Bee and Black Acts
  4673 | D:5      | Reached skill level 9 in Unarmed Combat
  4695 | D:5      | Reached XP level 8. HP: 48/59 MP: 7/11
  5166 | D:6      | HP: 2/59 [ogre/+0 giant club (29)]
  5167 | D:6      | Killed from afar by a shadow imp

Illustrated notes

Levels and vault maps discovered:
D:1:      lemuel_arrival_tunnels, layout_rooms,
          hellmonk_ecumenical_altar_dog_temple
D:2:      layout_rooms, serial_shops, shop
D:3:      layout_basic, marbit_many_paths, hangedman_decor_growths,
          minmay_quadrilaterals, uniq_grinder, uniq_jessica
D:4:      layout_gridville
D:5:      layout_basic, minmay_misc_feat_roman, grunt_decor_junction
D:6:      dreamdust_elfheim, layout_loops_ring, uniq_eustachio

Skill      XL: |  1  2  3  4  5  6  7  8 |
---------------+-------------------------+-----
Unarmed Combat | 4 5 6 7 9 |  9.8
Poison Magic   | 1 2 |  2.0
Transmutations | 3 |  3.3
Fighting       | |  1.1
Dodging        | |  1.7
Spellcasting   | |  2.0

Action                   |  1- 3 |  4- 6 |  7- 9 || total
-------------------------+-------+-------+-------++-------
Melee: Unarmed           |   177 |    91 |   124 ||   392
       Tailslap          |    11 |     6 |     5 ||    22
       Punch             |     6 |     1 |     1 ||     8
       Kick              |       |     5 |       ||     5
       Headbutt          |       |     1 |       ||     1
 Cast: Beastly Appendage |       |     4 |       ||     4
       Spider Form       |       |     9 |     9 ||    18
 Abil: Breathe Steam     |       |       |     2 ||     2
  Use: Potion            |       |     1 |       ||     1
 Stab: Sleeping          |     1 |       |       ||     1
Armor: Skin              |   116 |    19 |    29 ||   164
Dodge: Dodged            |   188 |    75 |    93 ||   356

Table legend: (Time is in decaauts)
 A = Elapsed time spent in this place.
 B = Non-inter-level travel time spent in this place.
 C = Inter-level travel time spent in this place.
 D = Time resting spent in this place.
 E = Time spent auto-exploring this place.
 F = Levels seen in this place.
 G = Mean time per level.
                   A        B        C        D        E       F      G
               +--------+--------+--------+--------+--------+-----+--------+
         Total |   5115 |   4865 |    250 |    430 |   3407 |   6 |  852.5 |
       Dungeon |   5115 |   4865 |    250 |    430 |   3407 |   6 |  852.5 |
               +--------+--------+--------+--------+--------+-----+--------+

Top non-repeatable levels by time:
     D:3: 1232 daAuts
     D:2: 1057 daAuts
     D:1: 1002 daAuts
     D:5: 952 daAuts
     D:4: 831 daAuts
     D:6: 38 daAuts
